 Seeded DCSS version 0.24-a0-284-g9fb9971 (webtiles) character file.

Game seed: 5874986697526205770

14650 MatthieuS the Spear-Bearer (level 12, -2/76 HPs)
             Began as a Tengu Monk on May 6, 2019.
             Was a High Priest of Okawaru.
             Slain by a four-headed hydra (13 damage)
             ... on level 3 of the Lair of Beasts.
             The game lasted 00:38:09 (16387 turns).

MatthieuS the Spear-Bearer (Tengu Monk)            Turns: 16387, Time: 00:38:10

Health: -2/76      AC: 14    Str: 11    XL:     12   Next: 18%
Magic:  17/20      EV: 16    Int: 16    God:    Okawaru [*****.]
Gold:   859        SH:  6    Dex: 17    Spells: 14/21 levels left

rFire    . . .     SeeInvis .   a - +2 trident (pain)
rCold    . . .     Gourm    .   J - +1 buckler {AC+3}
rNeg     . . .     Faith    .   D - +0 steam dragon scales
rPois    .         Spirit   .   B - +2 hat {MR+}
rElec    .         Reflect  .   (no cloak)
rCorr    +         Harm     .   q - +2 pair of gloves
MR       +....                  (boots unavailable)
Stlth    ++........             f - amulet of rage
HPRegen  0.22/turn              o - ring of resist corrosion
MPRegen  0.17/turn              (no ring)

@: flying quickly and evasively, quick
A: beak, talons 3, able to fly
a: Stop Flying, Heroism, Finesse, Renounce Religion, Evoke Berserk Rage


You were on level 3 of the Lair of Beasts.
You worshipped Okawaru.
Okawaru was extremely pleased with you.
You were not hungry.

You visited 3 branches of the dungeon, and saw 14 of its levels.

You collected 859 gold pieces.

Inventory:

Hand Weapons
 a - a +2 trident of pain (weapon)
   (Okawaru gifted it to you on level 2 of the Lair of Beasts)
 E - a +2 lajatang of venom
   (Okawaru gifted it to you on level 9 of the Dungeon)
Missiles
 n - 8 javelins of penetration (quivered)
Armour
 q - a +2 pair of gloves (worn)
   (You found it on level 3 of the Dungeon)
 w - a +3 scale mail of positive energy
   (You took it off Edmund on level 5 of the Dungeon)
 A - a +2 buckler of poison resistance
   (You took it off a gnoll sergeant on level 9 of the Dungeon)
 B - a +2 hat of magic resistance (worn)
   (You took it off Gastronok on level 2 of the Lair of Beasts)
 D - +0 steam dragon scales (worn)
   (You found it on level 9 of the Dungeon)
 F - a +0 troll leather armour
   (You found it on level 10 of the Dungeon)
 J - a +1 buckler of protection (worn)
   (Okawaru gifted it to you on level 3 of the Lair of Beasts)
Magical Staves
 c - an uncursed staff of energy {!a}
   (You found it on level 2 of the Lair of Beasts)
Jewellery
 f - an amulet of rage (around neck)
   (You found it on level 5 of the Dungeon)
 o - a ring of resist corrosion (left hand)
   (You found it on level 3 of the Dungeon)
Wands
 d - a wand of iceblast (1)
   (You found it on level 8 of the Dungeon)
 v - a wand of polymorph (16)
   (You found it on level 3 of the Dungeon)
 x - a wand of acid (8)
   (You found it on level 2 of the Lair of Beasts)
Scrolls
 j - 2 scrolls of immolation {!r}
 k - 3 scrolls of amnesia
 m - 2 scrolls of remove curse {@r2}
 r - 3 scrolls of enchant weapon
 s - 2 scrolls of blinking
 y - 3 scrolls of teleportation {@r4}
 z - 3 scrolls of magic mapping
 I - 2 scrolls of identify {@r1}
Potions
 b - a potion of mutation {!q}
 g - 2 potions of curing {@q1}
 h - a potion of invisibility
 i - a potion of ambrosia
 l - a potion of brilliance {unknown}
 p - 2 potions of cancellation
 t - a potion of might
 u - 2 potions of haste {@q3}
 G - a potion of lignification {!q}
 H - a potion of berserk rage {unknown}
Comestibles
 e - 19 rations
 C - 23 chunks of flesh


   Skills:
 + Level 9.0 Fighting
   Level 3.8 Long Blades
 + Level 11.1(11.2) Polearms
 - Level 2.0(7.4) Staves
 + Level 6.7 Armour
 - Level 3.2 Dodging
 - Level 2.0 Stealth
 + Level 4.8 Shields
 + Level 5.3 Spellcasting
 - Level 6.0 Conjurations
 + Level 1.9 Hexes
 - Level 2.0 Translocations
 - Level 6.4 Air Magic
 - Level 5.0 Invocations
 - Level 0.2 Evocations


You had 14 spell levels left.
You knew the following spells:

 Your Spells              Type           Power        Failure   Level  Hunger
a - Slow                  Hex            ##......     10%         2    #......
b - Blink                 Tloc           N/A          10%         2    #......
d - Mephitic Cloud        Conj/Pois/Air  ###.....     9%          3    ###....

Your spell library contained the following spells:

 Spells                   Type           Power        Failure   Level  Hunger
 Magic Dart               Conj           ###.         1%          1    None
 Apportation              Tloc           ##....       7%          1    None
 Conjure Flame            Conj/Fire      ##......     13%         3    ###....
 Summon Butterflies       Summ           #.......     16%         1    None
 Lesser Beckoning         Tloc           ##........   21%         3    ###....
 Tukima's Dance           Hex            ##......     21%         3    ###....
 Call Imp                 Summ           #.......     22%         2    #......
 Alistair's Intoxication  Tmut/Pois      #.......     99%         5    ######.
 Invisibility             Hex            ##......     100%        6    #######


Dungeon Overview and Level Annotations

Branches:
Dungeon (10/15)            Temple (1/1) D:7            Lair (3/6) D:8
 Shoals (0/4) Lair:2
  Snake: Lair:2-4    Spider: Lair:2-4       Orc: D:9-12

Altars:
Ashenzari
Cheibriados
Dithmenos
Elyvilon
Fedhas
Gozag
Hepliaklqana
Kikubaaqudgha
Makhleb
Nemelex Xobeh
Okawaru
Qazlal
Ru
Sif Muna
Trog
Uskayaw
Vehumet
Wu Jian
Xom
Yredelemnul
Zin
The Shining One

Annotations:
D:5 3 runed translucent doors, Turphip's ghost, novice OpIE


Innate Abilities, Weirdness & Mutations

You have a beak for a mouth.
You have claws for feet.
You can fly continuously.


Message History

Items here: ÷÷÷÷ † a wolf skeleton x2; a water moccasin corpse; a wolf skeleton x2
Items here: ÷÷÷÷ † a wolf skeleton x2; a water moccasin corpse; a wolf skeleton x2
Things that are here:
a wolf skeleton x2
A wolf comes into view.
No target in view!
No target in view!
No target in view!
A four-headed hydra comes into view.
The wolf howls!
The four-headed hydra roars!
You hear a bellow!
A yak comes into view.
A yak comes into view.
Attack whom?
Aim: a four-headed hydra You reach to attack!
You barely miss the four-headed hydra.
The ball explodes into a vile cloud!
The stinking cloud engulfs the four-headed hydra but does no damage.
You hear a bellow! x7; You hear a howl!
You hear a bellow!
The wolf is engulfed in noxious fumes.
The wolf appears confused.
You block the four-headed hydra's attack.
The four-headed hydra barely misses you.
The four-headed hydra misses you. The four-headed hydra bites you.
You puncture the four-headed hydra! You claw the four-headed hydra.
You hit the four-headed hydra. Your peck misses the four-headed hydra.
The four-headed hydra closely misses you.
The four-headed hydra bites you but does no damage.
You block the four-headed hydra's attack.
The four-headed hydra completely misses you.
You hit the four-headed hydra. The four-headed hydra bites you. x2
The four-headed hydra bites you! x2
The wolf bites the plant but does no damage.
You puncture the four-headed hydra!
You block the four-headed hydra's attack.
The four-headed hydra bites you but does no damage.
The four-headed hydra bites you!
* * * LOW HITPOINT WARNING * * *
The four-headed hydra barely misses you.
You hit the four-headed hydra. You claw the four-headed hydra.
The wolf bites the four-headed hydra!
A wolf comes into view.
The wolf howls!
You hit the four-headed hydra. You claw the four-headed hydra.
The four-headed hydra bites you!
* * * LOW HITPOINT WARNING * * *
The four-headed hydra bites you!
* * * LOW HITPOINT WARNING * * *
The four-headed hydra bites you!
You die...

...................)##
≈♣......................P#
........................##
........................##
.........................#
.................°......##
.............P.h°.......P#
............P..D........##
.#. #.##.##.P###@#.###..##
#########....#..####P.#..#
##.##...###.............##
..........h..............##
....#####...##..........#.#
.#h.# #######.........###
#S.h## #..........#
##...#########..........##
.....#..#P#.###÷÷........#


You could see a four-headed hydra and 2 wolves.

Vanquished Creatures
  Gastronok (Lair:2)
  A hydra (Lair:3)
  2 spiny frogs
  A rime drake (Lair:2)
  2 komodo dragons
  A troll (D:10)
  3 hippogriffs
  15 yaks
  A hungry ghost (D:7)
  3 basilisks
  A steam dragon (D:9)
  Edmund (D:5)
  6 water moccasins
  6 porcupines
  2 ice beasts
  A phantom (D:9)
  A hornet zombie (D:9)
  A necrophage (D:7)
  An orc warrior (D:6)
  An ogre (D:9)
  A centaur (D:6)
  25 wolves
  4 crocodiles
  2 big kobolds
  A gnoll sergeant (D:9)
  7 bullfrogs
  2 scorpions
  8 killer bees
  12 wights
  2 electric eels (D:9)
  3 crimson imps
  2 bullfrog zombies
  3 jellies
  A gnoll shaman (D:6)
  5 orc priests
  3 hounds
  10 orc wizards
  2 bullfrog skeletons
  A centaur skeleton (D:9)
  4 iguanas
  7 worker ants
  A hound zombie (D:5)
  A hound skeleton (D:6)
  2 worker ant zombies (D:6)
  Robin (D:2)
  9 gnolls
  A howler monkey skeleton (D:4)
  6 adders
  2 shadow imps (D:6)
  11 white imps (Lair:3)
  An adder zombie (D:5)
  2 adder skeletons
  A worm (D:6)
  A dart slug (D:1)
  3 leopard geckos
  28 orcs
  5 giant cockroaches
  15 goblins
  7 hobgoblins
  10 jackals
  2 quokkas
  A ball python (D:3)
  8 bats
  6 frilled lizards
  2 jackal skeletons
  20 kobolds
  A leopard gecko skeleton (D:6)
  A leopard gecko zombie (D:8)
  12 rats
316 creatures vanquished.

Vanquished Creatures (others)
  3 fungi (Lair:3)
  2 plants (Lair:3)
5 creatures vanquished.

Grand Total: 321 creatures vanquished

Notes
Turn   | Place    | Note
-------+----------+-------------------------------------------
     0 | D:1      | MatthieuS the Tengu Monk began the quest for the Orb.
     0 | D:1      | Reached XP level 1. HP: 14/14 MP: 2/2
   285 | D:1      | Reached XP level 2. HP: 15/19 MP: 3/3
   764 | D:1      | Reached skill level 1 in Polearms
  1100 | D:2      | Reached XP level 3. HP: 23/23 MP: 4/4
  1124 | D:2      | Reached skill level 2 in Polearms
  1359 | D:2      | Noticed Robin
  1515 | D:2      | Found an iron altar of Okawaru.
  1523 | D:2      | Became a worshipper of Warmaster Okawaru
  1523 | D:2      | Reached * piety under Okawaru
  1523 | D:2      | Reached ** piety under Okawaru
  1587 | D:2      | Reached XP level 4. HP: 19/28 MP: 5/5
  1666 | D:2      | Killed Robin
  1666 | D:2      | Reached skill level 3 in Polearms
  2298 | D:2      | Found a glowing silver altar of Zin.
  3389 | D:4      | Gained mutation: You can fly continuously. [Tengu growth]
  3389 | D:4      | Reached XP level 5. HP: 22/33 MP: 6/6
  3703 | D:4      | Reached skill level 4 in Polearms
  3703 | D:4      | Reached skill level 1 in Invocations
  4120 | D:4      | Reached XP level 6. HP: 24/38 MP: 6/8
  4532 | D:4      | Reached skill level 5 in Polearms
  4909 | D:5      | Entered Level 5 of the Dungeon
  4934 | D:5      | Noticed Turphip's ghost (novice OpIE)
  4938 | D:5      | Noticed an ice beast
  4960 | D:5      | Killed an ice beast
  4960 | D:5      | Reached *** piety under Okawaru
  4960 | D:5      | Reached XP level 7. HP: 21/44 MP: 9/9
  5320 | D:5      | Found a runed translucent gate.
  5320 | D:5      | Found a runed translucent gate.
  5320 | D:5      | Found a runed translucent gate.
  5394 | D:5      | Reached skill level 6 in Polearms
  5417 | D:5      | Noticed Edmund
  5434 | D:5      | Killed Edmund
  5434 | D:5      | Reached skill level 5 in Fighting
  5434 | D:5      | Reached skill level 1 in Shields
  5585 | D:5      | Found a sacrificial altar of Ru.
  5597 | D:5      | Reached **** piety under Okawaru
  5597 | D:5      | Reached XP level 8. HP: 49/49 MP: 11/11
  5860 | D:6      | Reached skill level 7 in Polearms
  5974 | D:6      | Received a gift from Okawaru
  6663 | D:7      | Reached skill level 8 in Polearms
  6716 | D:6      | Reached XP level 9. HP: 15/55 MP: 10/13
  7042 | D:6      | HP: 2/55 [killer bee (8)]
  7538 | D:7      | Found a staircase to the Ecumenical Temple.
  7547 | Temple   | Entered the Ecumenical Temple
  7899 | D:7      | Got a fine leather armour
  7910 | D:7      | Identified the cursed +0 leather armour "Yhey" {rF+} (You
                  | found it on level 7 of the Dungeon)
  8181 | D:7      | Reached skill level 9 in Polearms
  9037 | D:8      | Reached skill level 1 in Armour
  9231 | D:8      | Learned a level 2 spell: Blink
  9236 | D:8      | Learned a level 3 spell: Mephitic Cloud
  9296 | D:8      | Found a staircase to the Lair.
  9303 | D:8      | Reached skill level 5 in Invocations
  9313 | D:8      | Reached skill level 1 in Conjurations
  9313 | D:8      | Reached skill level 1 in Air Magic
  9325 | D:8      | Reached ***** piety under Okawaru
  9325 | D:8      | Reached skill level 1 in Spellcasting
  9684 | D:8      | Reached XP level 10. HP: 61/61 MP: 11/14
 11453 | D:10     | Entered Level 10 of the Dungeon
 11485 | D:9      | Reached skill level 10 in Polearms
 11577 | D:9      | Received a gift from Okawaru
 11663 | D:10     | Reached skill level 1 in Staves
 12317 | Lair:1   | Entered Level 1 of the Lair of Beasts
 12687 | Lair:1   | Reached skill level 5 in Conjurations
 12999 | Lair:1   | Noticed a spiny frog
 13031 | Lair:1   | Killed a spiny frog
 13031 | Lair:1   | Reached XP level 11. HP: 29/68 MP: 12/17
 13035 | Lair:1   | Reached skill level 5 in Air Magic
 13062 | Lair:1   | Reached skill level 5 in Armour
 13303 | Lair:1   | You are sucked into a shaft!
 13303 | Lair:2   | Noticed Gastronok
 13335 | Lair:2   | Received a gift from Okawaru
 13994 | Lair:2   | Found a staircase to the Shoals.
 14013 | Lair:2   | Killed Gastronok
 14013 | Lair:2   | Received a gift from Okawaru
 14085 | Lair:2   | Got a silken robe
 14152 | Lair:2   | Identified the cursed +1 robe of Happiness {rCorr Dex+4}
                  | (You found it on level 2 of the Lair of Beasts)
 14246 | Lair:1   | Learned a level 2 spell: Slow
 15034 | Lair:2   | Reached skill level 1 in Translocations
 15547 | Lair:3   | Reached skill level 1 in Hexes
 15843 | Lair:3   | Reached skill level 5 in Spellcasting
 16120 | Lair:3   | Noticed a four-headed hydra
 16131 | Lair:3   | Killed a four-headed hydra
 16131 | Lair:3   | Received a gift from Okawaru
 16131 | Lair:3   | Reached skill level 11 in Polearms
 16131 | Lair:3   | Reached XP level 12. HP: 75/75 MP: 18/20
 16371 | Lair:3   | Noticed a four-headed hydra
 16387 | Lair:3   | Slain by a four-headed hydra

Levels and vault maps discovered:
D:1:      tarquinn_simple_flora_water_b, layout_basic, chequers_decorated_corner
D:2:      layout_basic, overflow_temple_1_default, first_ration,
          hangedman_feature_mirror, okawaru_ov_weapons_minmay, uniq_robin
D:3:      layout_basic
D:4:      layout_loops_ring, corexii_item_surrounded_by_moat
D:5:      layout_cave_pools, gammafunk_ghost_split,
          nicolae_ru_great_annihilating_truth, uniq_edmund
D:6:      layout_rooms
D:7:      layout_layer_cave, minmay_temple_entry_mist
D:8:      layout_cave_pools, david_lair_generic
D:9:      layout_irregular_city, serial_bayou, serial_bayou_pond_b,
          serial_bayou_pond_c, serial_bayou_pond_a, serial_bayou_shore_a
D:10:     layout_rooms
Temple:   minmay_crystal_snake_temple
Lair:1:   layout_cave_pods
Lair:2:   layout_small_grid, elwin_shoals_entry_rocks, st_stairs_6,
          minivault_19, uniq_gastronok
Lair:3:   dragon1_lemuel, layout_long_grid, portal_ice_cave_entry_imps,
          grunt_forest_large_clearings

Skill      XL: |  1  2  3  4  5  6  7  8  9 10 11 12 |
---------------+-------------------------------------+-----
Polearms       | 1 2 3 4 5 6 8 9 10 11 | 11.1
Invocations    | 1 2 3 4 5 |  5.0
Fighting       | 4 5 6 7 8 9 |  9.0
Shields        | 1 3 4 |  4.8
Armour         | 2 4 6 |  6.7
Conjurations   | 2 5 6 |  6.0
Air Magic      | 2 4 6 |  6.4
Spellcasting   | 1 3 5 |  5.3
Staves         | 2 |  2.0
Translocations | 1 2 |  2.0
Hexes          | 1 |  1.9
Long Blades    | |  3.8
Dodging        | |  3.2
Stealth        | |  2.0
Evocations     | |  0.2

Action                   |  1- 3 |  4- 6 |  7- 9 | 10-12 || total
-------------------------+-------+-------+-------+-------++-------
Melee: Falchion          |    96 |   145 |     9 |       ||   250
       Kick              |    17 |    49 |    99 |   152 ||   317
       Peck              |    14 |    30 |    63 |    99 ||   206
       Spear             |       |       |   217 |    79 ||   296
       Trident           |       |       |   217 |   586 ||   803
       Lajatang          |       |       |       |    29 ||    29
 Cast: Mephitic Cloud    |       |       |       |    11 ||    11
Invok: Heroism           |       |     1 |     5 |    14 ||    20
 Abil: Fly               |       |     1 |       |       ||     1
       Evoke Berserk Rag |       |       |     3 |     3 ||     6
Evoke: Wand              |       |     2 |    11 |     1 ||    14
  Use: Potion            |       |     3 |     6 |     2 ||    11
       Scroll            |       |       |    15 |    15 ||    30
 Stab: Sleeping          |     7 |       |       |     3 ||    10
       Paralysed         |       |     3 |    11 |       ||    14
       Confused          |       |       |       |    11 ||    11
  Eat: Chunk             |     2 |    10 |     7 |    20 ||    39
       Ration            |       |     1 |     4 |     1 ||     6
Armor: Robe              |    12 |       |       |       ||    12
       Chain mail        |    30 |    20 |       |       ||    50
       Ring mail         |       |    42 |     9 |       ||    51
       Scale mail        |       |       |   107 |    42 ||   149
       Steam dragon scal |       |       |       |    64 ||    64
Dodge: Dodged            |    51 |    82 |   217 |   283 ||   633
Block: Buckler           |       |    21 |    98 |   139 ||   258
       Rpst.: Falchion   |    15 |    31 |       |       ||    46

Table legend:
 A = Non-vault XP
 B = Vault XP
 C = Vault XP percentage of total XP
 D = Non-vault monster count
 E = Vault monster count
 F = Vault count percentage of total count
                 A         B        C        D         E       F
            +---------+---------+-------+---------+---------+-------
      Total |   15343 |    5586 |  26.7 |     263 |      53 |  16.8
            +---------+---------+-------+---------+---------+-------
        D:1 |      29 |       0 |   0.0 |      20 |       0 |   0.0
        D:2 |      57 |      38 |  40.0 |      24 |      13 |  35.1
        D:3 |      19 |       0 |   0.0 |      12 |       0 |   0.0
        D:4 |     405 |       0 |   0.0 |      30 |       0 |   0.0
        D:5 |     460 |     218 |  32.2 |      17 |       5 |  22.7
        D:6 |    1324 |       0 |   0.0 |      32 |       0 |   0.0
        D:7 |     868 |       0 |   0.0 |      20 |       0 |   0.0
        D:8 |     718 |     742 |  50.8 |      11 |       4 |  26.7
        D:9 |    1753 |     428 |  19.6 |      35 |       3 |   7.9
       D:10 |    1113 |       0 |   0.0 |      18 |       0 |   0.0
     Lair:1 |    3017 |       0 |   0.0 |      17 |       0 |   0.0
     Lair:2 |    2917 |    2213 |  43.1 |      16 |       1 |   5.9
     Lair:3 |    2663 |    1947 |  42.2 |      11 |      27 |  71.1
            +---------+---------+-------+---------+---------+-------
